 Dungeon Crawl Stone Soup version 0.7.1-24-ga64cc90 character file.

724 jvjs the Summoner (level 7, -5/33 HPs)
             Began as a Deep Elf Summoner on Aug 27, 2010.
             Was a Believer of Sif Muna.
             Killed by nerve-wracking pain
             ... invoked by an orc high priest
              (9 damage)
             ... in the Dungeon (Sprint III: "The Ten Rune Challenge").
             The game lasted 00:08:49 (705 turns).

jvjs the Summoner (Deep Elf Summoner)                Turns: 705, Time: 00:08:51

HP  -5/33        AC  2     Str  5 Exp: 7/977 (0), need: 436
MP   0/24        EV 12     Int 22      God: Sif Muna [**....]
Gold 41          SH  0     Dex 15      Spells:  5 memorised, 12 levels left

Res.Fire  : . . .   See Invis. : .   (no weapon)
Res.Cold  : . . .   Warding    : .   l - +0 robe
Life Prot.: . . .   Conserve   : .   (no shield)
Res.Poison: .       Res.Corr.  : .   (no helmet)
Res.Elec. : .       Clarity    : .   (no cloak) Spirit.Shd: . Stasis : .
                                     (no gloves)
Sust.Abil.: . .     Rnd.Telep. : .   (no boots)
Res.Mut.  : .       Ctrl.Telep.: .   (no amulet)
Res.Rott. : .       Levitation : .   (no ring)
Saprovore : . . .   Ctrl.Flight: .   (no ring)

@: slightly resistant to hostile enchantments, stealthy
A: no striking features
a: Channel Energy, Forget Spell, Renounce Religion


You were in the Dungeon.
You worshipped Sif Muna.
Sif Muna was most pleased with you.
You were not hungry.

You visited 1 branch of the dungeon, and saw 1 of its levels.

You collected 21 gold pieces.

Inventory:

Hand weapons
 m - a +2,+1 elven long sword of holy wrath
Armour
 a - a +0 elven robe
 l - a +0 robe (worn)
Magical devices
 j - a wand of teleportation (6) {unknown}
Comestibles
 c - 2 bread rations
 k - a meat ration
Potions
 f - a potion of speed
 h - a potion of berserk rage
Books
 b - a book of Callings

   Spells                             Type                      Level
   *Summon Small Mammals              Summoning                    1
   Sticks to Snakes                   Transmutation/Summoning      2
   *Call Imp                          Summoning                    2
   *Call Canine Familiar              Summoning                    3
   *Summon Scorpions                  Summoning/Poison             4
   Summon Ice Beast                   Ice/Summoning                5
 d - a book of Charms

   Spells                             Type                      Level
   Corona                             Enchantment                  1
   *Repel Missiles                    Enchantment/Air              2
   Ensorcelled Hibernation            Enchantment/Ice              2
   Confuse                            Enchantment                  3
   Enslavement                        Enchantment                  4
   Silence                            Enchantment/Air              5
   Invisibility                       Enchantment                  6
   You had 0 experience left.


   Skills:
 + Level 2 Dodging
 - Level 3 Stealth
 + Level 9 Spellcasting
 + Level 14 Summonings


You had 12 spell levels left.
You knew the following spells:

 Your Spells              Type           Power        Success   Level
a - Summon Small Mammals  Summ           #####        Excellent   1
b - Call Imp              Summ           #######...   Excellent   2
c - Call Canine Familiar  Summ           #######...   Excellent   3
d - Repel Missiles Air/Ench ##........     Very         Good        2
e - Summon Scorpions      Pois/Summ      ######....   Excellent   4

Dungeon Overview and Level Annotations

Branches:
Dungeon (1/1)

Altars:
Cheibriados
Elyvilon
Fedhas
Kikubaaqudgha
Makhleb
Nemelex Xobeh
Okawaru
Sif Muna
The Shining One
Trog
Vehumet
Xom
Yredelemnul
Zin

Annotations
D:1 exclusion: 13 seething chaos clouds


Message History

Cast which spell? (? or * to list)
Something misses your quokka.
Something hits your quokka but does no damage.
Something misses your quokka.
The orc high priest calls down the wrath of Beogh upon you.
Pain shoots through your body!
You die...

## ### ##
.############$##.#.
.#___#__[#__#.#.#.
b#...#...#._#..oo
.###'#f###)##.o.
.#..........#o.
.'.}........#4###
.#..)######'#oo@#
r#.})#..#...#r#####
.#.[.#_h#..h#hhh~~+
.#[###hr#.rh#r#~~~#
.#..h#_b#...'.#...#
.#_h_#..'...#.# @.#
############### #


You could see an orc high priest, a hairy devil, an orc and a friendly quokka.

Vanquished Creatures (collateral kills)
  A chaos spawn (D)
  A ghoul (D)
  2 spatial vortices (D)
  A deep elf priest (D)
  A water elemental (D)
  A necromancer (D)
  A wizard (D)
  A scorpion (D)
  3 humans (D)
  Jessica (D)
  A jelly (D)
  A kobold demonologist (D)
  A giant mite (D)
  A grey rat (D)
  An ooze (D)
  A goblin (D)
  2 orcs (D)
21 creatures vanquished.

Vanquished Creatures (others)
  3 war dogs (D)
  A fire drake (D)
  A wolf (D)
  5 hounds (D)
  A white imp (D)
  8 grey rats (D)
  8 jackals (D)
  8 giant bats (D)
  9 quokkas (D)
  6 rats (D)
  3 plants (D)
53 creatures vanquished.

Grand Total: 74 creatures vanquished

Notes
Turn   | Place    | Note
--------------------------------------------------------------
     0 | D        | jvjs, the Deep Elf Summoner, began the quest for the Orb.
     0 | D        | Reached XP level 1. HP: 8/8 MP: 4/4
     2 | D        | Reached skill 5 in Summonings
    31 | D        | Reached skill 6 in Summonings
    38 | D        | Noticed Jessica
    71 | D        | Reached skill 7 in Summonings
    93 | D        | Defeated Jessica
    93 | D        | Reached XP level 2. HP: 12/12 MP: 3/7
    97 | D        | Learned a level 2 spell: Call Imp
   128 | D        | Reached skill 8 in Summonings
   154 | D        | Noticed a scorpion
   160 | D        | Reached skill 5 in Spellcasting
   174 | D        | Defeated a scorpion
   174 | D        | Reached XP level 3. HP: 10/16 MP: 2/11
   179 | D        | Learned a level 3 spell: Call Canine Familiar
   196 | D        | Reached skill 9 in Summonings
   218 | D        | Found a glowing silver altar of Zin.
   222 | D        | Found a white marble altar of Elyvilon.
   222 | D        | Found a glowing golden altar of the Shining One.
   223 | D        | Noticed a deep elf priest
   237 | D        | Reached skill 10 in Summonings
   253 | D        | Defeated a deep elf priest
   253 | D        | Reached XP level 4. HP: 17/20 MP: 3/15
   264 | D        | Reached skill 11 in Summonings
   270 | D        | Found a radiant altar of Vehumet.
   270 | D        | Found a deep blue altar of Sif Muna.
   270 | D        | Found an ancient bone altar of Kikubaaqudgha.
   271 | D        | Noticed a wizard
   272 | D        | Noticed a kobold demonologist
   275 | D        | Defeated a wizard
   282 | D        | Noticed an imp
   282 | D        | Defeated a kobold demonologist
   283 | D        | Noticed an imp
   284 | D        | HP: 1/20 [imp[a kobold demonologist] (1)]
   329 | D        | Learned a level 2 spell: Repel Missiles
   335 | D        | Learned a level 4 spell: Summon Scorpions
   343 | D        | Found an iron altar of Okawaru.
   343 | D        | Found a bloodstained altar of Trog.
   464 | D        | Reached XP level 5. HP: 25/25 MP: 4/18
   464 | D        | Reached XP level 6. HP: 28/28 MP: 5/20
   509 | D        | Became a worshipper of Sif Muna the Loreminder
   519 | D        | Reached skill 12 in Summonings
   519 | D        | Reached skill 13 in Summonings
   519 | D        | Acquired Sif Muna's first power
   525 | D        | Found a snail-covered altar of Cheibriados.
   525 | D        | Found a blossoming altar of Fedhas.
   525 | D        | Found a basalt altar of Yredelemnul.
   526 | D        | Noticed a necromancer
   539 | D        | Defeated a necromancer
   552 | D        | Noticed a jelly
   563 | D        | Defeated a jelly
   571 | D        | Reached skill 14 in Summonings
   571 | D        | Acquired Sif Muna's second power
   579 | D        | Reached XP level 7. HP: 33/33 MP: 5/24
   587 | D        | Found a shimmering altar of Xom.
   587 | D        | Found a burning altar of Makhleb.
   603 | D        | Found a sparkling altar of Nemelex Xobeh.
   649 | D        | Noticed an orc high priest
   649 | D        | Noticed Erica
   705 | D        | Killed from afar by an orc high priest
